 Dungeon Crawl Stone Soup version 0.28.0-53-g5a82cb258f (webtiles) character file.

Game seed: 10357779935836869856

15169 mortz the Covert (level 12, -3/88 HPs)
             Began as a Kobold Earth Elementalist on July 17, 2022.
             Was a Priest of Dithmenos.
             Slain by a blink frog (12 damage)
             ... on level 1 of the Lair of Beasts.
             The game lasted 01:09:42 (16818 turns).

mortz the Covert (Kobold Earth Elementalist)       Turns: 16818, Time: 01:09:43

Health: -3/88      AC: 26    Str: 12    XL:     12   Next: 54%
Magic:  17/24      EV:  3    Int: 20    God:    Dithmenos [***...]
Gold:   796        SH:  0    Dex: 16    Spells: 22/28 levels left

rFire   . . .      SeeInvis .   s - +11 dagger "Fican" {drain, rElec rC- rN+, short}
rCold   . . .      Faith    .   (no shield)
rNeg    + . .      Spirit   .   (armour currently unavailable)
rPois   +          Reflect  .   (helmet currently unavailable)
rElec   +          Harm     .   (cloak currently unavailable)
rCorr   .          Rampage  .   (gloves currently unavailable)
Will    .....      NoTele   +   (boots currently unavailable)
Stlth   ++++++++..              (no amulet)
HPRegen 0.24/turn               m - ring of protection from cold
MPRegen 0.19/turn               d - +6 ring of strength

@: tree-form, wreathed by umbra
A: stationary, stasis, torment immunity, boosted hp, small, no large weapons,
nightstalker 3
a: Renounce Religion, Shadow Step


You were on level 1 of the Lair of Beasts.
You worshipped Dithmenos.
Dithmenos was most pleased with you.
You were a tree.
You visited 3 branches of the dungeon, and saw 14 of its levels.

You collected 796 gold pieces.


Innate Abilities, Weirdness & Mutations

You are a tree.
Your roots penetrate the ground, keeping you stationary.
You cannot be teleported.
You are immune to unholy pain and torment.
Your maximum health is greatly increased.
Your equipment is partially melded.
You are small and have problems with some larger weapons.
You are completely attuned to the shadows.


   Skills:
 + Level 0.5 Throwing
 + Level 4.0 Armour
 + Level 5.7 Dodging
 + Level 11.7 Stealth
 + Level 8.6 Spellcasting
 * Level 9.6 Conjurations
 + Level 1.0 Transmutations
 * Level 11.3 Earth Magic


You had 22 spell levels left.
You knew the following spells:

 Your Spells              Type           Power      Damage    Failure   Level
a - Sandblast             Erth           100%       2d20      1%          1
b - Passwall              Tmut/Erth      27%        N/A       1%          2
c - Stone Arrow           Conj/Erth      100%       3d13      1%          3

Your spell library contained the following spells:

 Spells                   Type           Power      Damage    Failure   Level
 Foxfire                  Conj/Fire      100%       2x1d9     1%          1
 Beastly Appendage        Tmut           24%        N/A       5%          1
 Petrify                  Tmut/Erth      33%        N/A       6%          4
 Wereblood                Tmut           12%        N/A       8%          2
 Spider Form              Tmut/Pois      10%        N/A       19%         3
 Summon Guardian Golem    Hex/Summ       8%         N/A       24%         3
 Freezing Cloud           Conj/Ice/Air   10%        6-21      52%         5
 Orb of Destruction       Conj           23%        9d8       78%         7
 Simulacrum               Ice/Necr       4%         N/A       100%        6
 Spellforged Servitor     Conj/Summ      13%        N/A       100%        7
 Polar Vortex             Ice            4%         N/A       100%        9

Inventory:

Hand Weapons
 b - a +0 dagger of protection {short}
   (You took it off an orc wizard on level 7 of the Dungeon)
 g - a +0 club {mace}
   (You took it off a goblin on level 1 of the Dungeon)
 i - a +1 short sword of flaming {short}
   (You took it off a kobold on level 7 of the Dungeon)
 o - a +0 morningstar of draining {mace}
   (You took it off an orc on level 5 of the Dungeon)
 q - a +1 dagger of venom {short}
   (You took it off an orc wizard on level 3 of the Dungeon)
 s - the +11 dagger "Fican" (weapon) {drain, rElec rC- rN+, short}
   (You took it off an orc on level 3 of the Dungeon)

   A truly terrible weapon, it drains the life of any living foe it strikes.
   rC:        It makes you vulnerable to cold.
   rElec:     It insulates you from electricity.
   rN:        It protects you from negative energy.
 t - a +2 dagger of electrocution {short}
   (You took it off a kobold on level 8 of the Dungeon)
 w - a +2 hand axe of electrocution {axe}
   (You found it on level 4 of the Dungeon)
 C - a +0 falchion of holy wrath {long}
   (You took it off an orc on level 9 of the Dungeon)
 F - the +1 short sword of Megalomania {vamp, *Noise rPois Stlth+, short}
   (You found it on level 10 of the Dungeon)

   It occasionally heals its wielder for a portion of the damage dealt when it
   wounds a living foe.
   rPois:     It protects you from poison.
   *Noise:    It may make noises in combat.
   Stlth:     It makes you more stealthy.
Missiles
 c - 418 stones {throwing}
 e - 37 poisoned darts {throwing}
 p - a boomerang {throwing}
 D - a curare-tipped dart {=fthrowing}
Armour
 a - a +0 leather armour (melded)
   (You found it on level 1 of the Dungeon)
 j - a +2 pair of boots (melded)
   (You found it on level 1 of the Dungeon)
 I - a +0 pair of gloves (melded)
   (You found it on level 1 of the Lair of Beasts)
Jewellery
 d - a +6 ring of strength (right branch)
   (You found it on level 3 of the Dungeon)
 m - a ring of protection from cold (left branch)
   (You found it on level 2 of the Dungeon)
 y - an amulet of guardian spirit
   (You found it on level 7 of the Dungeon)
Wands
 k - a wand of flame (3)
   (You found it on level 11 of the Dungeon)
 B - a wand of iceblast (5)
   (You found it on level 8 of the Dungeon)
 H - a wand of paralysis (7)
   (You found it on level 1 of the Lair of Beasts)
Scrolls
 l - a scroll of fog
 u - 5 scrolls of teleportation {@r4}
 G - 3 scrolls of immolation {!r!r}
Potions
 f - 3 potions of haste {@q3}
 h - 2 potions of attraction {!q}
 r - 3 potions of cancellation
 v - 2 potions of mutation {!q}
 x - a potion of magic
 z - 2 potions of flight
 A - 3 potions of berserk rage {!q}
 E - a potion of ambrosia {unknown}

Dungeon Overview and Level Annotations

Branches:
Dungeon (11/15)            Temple (1/1) D:5            Lair (2/6) D:11
  Swamp: Lair:2-4    Shoals: Lair:2-4     Snake: Lair:2-4    Spider: Lair:2-4
    Orc: D:9-12

Altars:
Ashenzari
Cheibriados
Dithmenos
Elyvilon
Fedhas
Gozag
Hepliaklqana
Kikubaaqudgha
Makhleb
Nemelex Xobeh
Okawaru
Qazlal
Ru
Sif Muna
Trog
Uskayaw
Vehumet
Wu Jian
Xom
Yredelemnul
Zin
The Shining One

Shops:
D:9 *

Annotations:
D:8 1 transporter
D:9 Gastronok
D:11 exclusion: fire crab

####................## #....
#.#####.#.######.# ##โ€ #.# #.#
##..# ##.# #..### #.#### ##.# #..#
##.P# ##..#.####.######.#
#####P.##
##............##.#.####.##....##
##...#.###........<..............
................##......#.>.#.###
.....#####.....Fโ™ฃ...........#?.#
.P##.######..P#F#....####......#
..##..........โ€ >###.##
#...ยง..## .##...........#.# #.#
##.##.... .....######.....###.#
#..###... ##.P## ###.P###P.# ##.#
#... #### #...###.# ##^# ##..
###.# #.#####..# ##.# #.#
#........# #P..


You could see 2 blink frogs.


Message History

The blink frog closely misses you.
You puncture the blink frog!
You kill the blink frog!
Dithmenos accepts your kill.
Done exploring. ๐Ÿ˜Ž MP[+1]
Your mp is fully restored (24).
You climb downwards.
The blink frog barely misses you. The blink frog hits you.
The blink frog blinks!
There is a stone staircase leading up here. ๐Ÿ˜• HP[-5]
You take 5 damage, and now have 54/59 hp.
The blink frog barely misses you. The blink frog misses you.
The blink frog hits you but does no damage.
The blink frog blinks!
You climb upwards.
There is a stone staircase leading down here.
You puncture the blink frog!
The blink frog blinks!
A blink frog is nearby! ๐Ÿ˜• HP[+1]
You miss the blink frog. The blink frog hits you. ๐Ÿ˜• HP[-1]
You take 1 damage, and now have 54/59 hp.
The stone arrow hits the blink frog!!
The blink frog blinks! ๐Ÿ˜• MP[-3]
You lost 3 mp, and now have 21/24 mp.
Unknown command.
A blink frog is nearby! ๐Ÿ˜• HP[+1]
The stone arrow hits the blink frog!!
You kill the blink frog!
Dithmenos accepts your kill. ๐Ÿ˜• MP[-3]
You lost 3 mp, and now have 18/24 mp.
Done exploring. ๐Ÿ˜Ž HP[+4] MP[+6]
Your hp is fully restored (59).
Your mp is fully restored (24).
You climb downwards.
The blink frog misses you. x2
The blink frog hits you but does no damage.
The blink frog hits you!
There is a stone staircase leading up here. ๐Ÿ˜• HP[-14]
You take 14 damage, and now have 45/59 hp.
MASSIVE DAMAGE!! (PAUSE)
The blink frog hits you! x2
* * * LOW HITPOINT WARNING * * *
The blink frog closely misses you.
You climb upwards.
There is a stone staircase leading down here. ๐Ÿ˜ฑ HP[-31]
You take 31 damage, and now have 14/59 hp.
MASSIVE DAMAGE!! (PAUSE)
Aiming: Stone Arrow (safe; 1% risk of failure)
Press: ? - help, Q - select action, (/) - cycle Shift-Dir - straight line, f - blink frog
Aim: a blink frog (umbra, 61% to hit)
The stone arrow misses the blink frog.
The blink frog misses you. x3 ๐Ÿ˜ฑ MP[-3]
You lost 3 mp, and now have 21/24 mp.
The blink frog hits you but does no damage.
The blink frog closely misses you.
Aiming: Stone Arrow (safe; 1% risk of failure)
Press: ? - help, Q - select action, (/) - cycle Shift-Dir - straight line, f/p - blink frog
Aim: a blink frog (umbra, 61% to hit)
The stone arrow hits the blink frog!!
The blink frog blinks!
The blink frog hits you!
* * * LOW HITPOINT WARNING * * *
The blink frog blinks! ๐Ÿ˜ฑ HP[-9] MP[-3]
You take 9 damage, and now have 5/59 hp.
You lost 3 mp, and now have 18/24 mp.
Aiming: Stone Arrow (safe; 1% risk of failure)
Press: ? - help, Q - select action, (/) - cycle Shift-Dir - straight line, f - blink frog
Aim: a blink frog (severely wounded, umbra, 61% to hit)
Your line of fire to the blink frog is blocked by a plant.
Continue anyway?
Okay, then. ๐Ÿ˜ฑ MP[+1]
Aiming: Stone Arrow (safe; 1% risk of failure)
Press: ? - help, Q - select action, (/) - cycle Shift-Dir - straight line, f/p - blink frog
Aim: a blink frog (severely wounded, umbra, 61% to hit)
The stone arrow misses the blink frog.
The blink frog barely misses you.
The blink frog blinks! ๐Ÿ˜ฑ MP[-3]
You lost 3 mp, and now have 16/24 mp.
The blink frog misses you.
There is a stone staircase leading down here.
The blink frog barely misses you. ๐Ÿ˜ฑ HP[+1] Really quaff
n - a potion of lignification {!q}?
Really quaff the potion of lignification?
You turn into a tree.
Your +0 pair of gloves melds into your body.
Your +2 pair of boots melds into your body.
Your +0 leather armour melds into your body.
Your roots penetrate the ground. ๐Ÿ˜ฑ HP[+3]
You now have 88 max hp (+29).
You regained 3 hp, and now have 9/88 hp.
You barely miss the blink frog. The blink frog hits you!
You die...

Skill      XL: |  1  2  3  4  5  6  7  8  9 10 11 12 |
---------------+-------------------------------------+-----
Spellcasting   | 3 4 5 6 8 |  8.6
Stealth        | 3 4 5 6 8 9 10 11 | 11.7
Conjurations   | 1 2 4 5 7 8 9 |  9.6
Earth Magic    | 4 5 6 7 8 9 10 11 | 11.3
Dodging        | 3 5 |  5.7
Armour         | 2 3 4 |  4.0
Throwing       | |  0.5
Transmutations | |  1.0

Action                   |  1- 3 |  4- 6 |  7- 9 | 10-12 || total
-------------------------+-------+-------+-------+-------++-------
Melee: Unarmed           |     1 |       |       |       ||     1
       Club              |     6 |       |       |       ||     6
       Dagger            |    24 |    53 |    90 |   168 ||   335
       Punch             |       |     2 |     3 |     3 ||     8
Throw: Dart              |       |       |       |     4 ||     4
 Cast: Sandblast         |    44 |    36 |     3 |       ||    83
       Stone Arrow       |       |       |    56 |   118 ||   174
  Use: Scroll            |     3 |     6 |    12 |     5 ||    26
       Potion            |       |       |     1 |     2 ||     3
 Stab: Sleeping          |     6 |    11 |    28 |    25 ||    70
       Distracted        |       |       |       |     1 ||     1
Armor: Robe              |     1 |     4 |    13 |       ||    18
       Leather armour    |       |       |    11 |    35 ||    46
Dodge: Dodged            |    28 |    41 |    52 |   182 ||   303

Levels and vault maps discovered:
D:1:      minmay_arrival_five_plusses, layout_basic
D:2:      layout_basic
D:3:      layout_rooms, shapermc_ecumenical_altar_rom_forum, minmay_pentangle
D:4:      layout_loops_ring, minmay_misc_feat_enclosed
D:5:      layout_basic, grunt_dithmenos_smoke_and_mirrors,
          minmay_temple_entry_tees
D:6:      layout_loops_ring, minivault_25
D:7:      layout_rooms
D:8:      layout_loops_cross, gammafunk_ghost_abyssal_escape
D:9:      layout_rooms, serial_shops, shop_fountains, uniq_gastronok
D:10:     layout_loops_ring
D:11:     layout_roguey, dpeg_lair_monsters, st_stairs_4
Temple:   mainiacjoe_temple_trianglar_array
Lair:1:   layout_loops_ring, lemuel_fruit_fields
Lair:2:   layout_chaotic_city, skrybe_swamp_entry_bodies,
          nicolae_spider_entry_orb_guardian, basic_altar, lemuel_fruit_tree

Notes
Turn   | Place    | Note
-------+----------+-------------------------------------------
     0 | D:1      | mortz the Kobold Earth Elementalist began the quest for the
                  | Orb.
     0 | D:1      | Reached XP level 1. HP: 10/10 MP: 3/3
     0 | D:1      | magus.rc [v1.9.6]
   116 | D:1      | Reached XP level 2. HP: 15/15 MP: 3/5
   119 | D:1      | Learned a level 2 spell: Passwall
   428 | D:1      | Reached XP level 3. HP: 11/19 MP: 3/6
   882 | D:1      | You pick up a book of Dangerous Friends and begin
                  | reading...
   882 | D:1      | You add the spells Summon Guardian Golem, Orb of
                  | Destruction and Spellforged Servitor to your library.
   887 | D:1      | Learned a level 3 spell: Stone Arrow
  1770 | D:2      | Reached XP level 4. HP: 14/24 MP: 6/8
  2165 | D:3      | Reached skill level 3 in Spellcasting
  2491 | D:3      | Reached skill level 3 in Stealth
  2501 | D:3      | Reached skill level 1 in Conjurations
  2501 | D:3      | Reached skill level 4 in Earth Magic
  2502 | D:3      | Reached XP level 5. HP: 22/28 MP: 5/9
  2683 | D:3      | You pick up a book of Changes and begin reading...
  2683 | D:3      | You add the spells Beastly Appendage, Wereblood and Spider
                  | Form to your library.
  2891 | D:3      | Identified the +11 dagger "Fican" {drain, rElec rC- rN+}
  3215 | D:3      | Found a faded altar of an unknown god.
  3220 | D:3      | Got Plato's Tome of Flames
  3569 | D:4      | Reached XP level 6. HP: 32/32 MP: 11/11
  3745 | D:4      | Noticed a necrophage
  3753 | D:4      | Killed a necrophage
  3754 | D:4      | Reached skill level 4 in Stealth
  3754 | D:4      | Reached skill level 2 in Conjurations
  3818 | D:4      | Reached skill level 4 in Spellcasting
  3818 | D:4      | Reached skill level 5 in Earth Magic
  3818 | D:4      | Reached XP level 7. HP: 10/36 MP: 6/13
  4197 | D:4      | Reached skill level 3 in Dodging
  4564 | D:5      | Entered Level 5 of the Dungeon
  4721 | D:5      | Reached skill level 5 in Stealth
  5074 | D:5      | Found a shadowy altar of Dithmenos.
  5102 | D:5      | Became a worshipper of Dithmenos the Shadowed
  5158 | D:5      | Reached skill level 6 in Earth Magic
  5200 | D:5      | Reached XP level 8. HP: 41/41 MP: 7/14
  5442 | D:5      | Reached skill level 3 in Conjurations
  5465 | D:5      | Found a staircase to the Ecumenical Temple.
  5520 | Temple   | Entered the Ecumenical Temple
  6233 | D:6      | Reached skill level 5 in Spellcasting
  6503 | D:6      | Reached skill level 6 in Stealth
  6752 | D:6      | Reached skill level 7 in Earth Magic
  6899 | D:6      | Reached skill level 4 in Conjurations
  6987 | D:6      | Reached XP level 9. HP: 45/45 MP: 6/16
  7605 | D:7      | Reached * piety under Dithmenos
  7624 | D:7      | Reached skill level 7 in Stealth
  8109 | D:7      | Reached skill level 5 in Conjurations
  8322 | D:7      | Reached skill level 1 in Armour
  8599 | D:7      | Reached skill level 8 in Earth Magic
  8814 | D:8      | Reached skill level 8 in Stealth
  8895 | D:8      | Noticed a manticore
  9303 | D:8      | Killed a manticore
  9304 | D:8      | Reached skill level 2 in Armour
  9304 | D:8      | Reached skill level 6 in Spellcasting
  9304 | D:8      | Reached XP level 10. HP: 24/50 MP: 2/19
  9487 | D:8      | Noticed a red ugly thing
  9512 | D:8      | Found a transporter.
  9607 | D:8      | Reached skill level 9 in Stealth
 10089 | D:8      | Reached skill level 4 in Dodging
 10093 | D:8      | HP: 11/50 [poisoned by a killer bee]
 10098 | D:8      | HP: 7/50 [poisoned by a killer bee]
 10543 | D:9      | Reached skill level 6 in Conjurations
 10572 | D:9      | Found Erykuafa's Assorted Antiques.
 10588 | D:9      | Reached skill level 3 in Armour
 10702 | D:9      | Reached ** piety under Dithmenos
 10835 | D:9      | Noticed a two-headed ogre
 11198 | D:9      | Killed a two-headed ogre
 11483 | D:9      | Reached skill level 5 in Dodging
 11483 | D:9      | Reached skill level 9 in Earth Magic
 11485 | D:9      | Reached skill level 7 in Conjurations
 11630 | D:9      | Reached XP level 11. HP: 38/54 MP: 21/21
 11825 | D:9      | Noticed Gastronok
 11939 | D:10     | Entered Level 10 of the Dungeon
 12008 | D:10     | Identified the +1 short sword of Megalomania {vamp, *Noise
                  | rPois Stlth+}
 12046 | D:10     | Reached skill level 7 in Spellcasting
 13164 | D:11     | Noticed a deep elf pyromancer
 13238 | D:11     | Noticed a fire crab
 13343 | D:11     | Noticed a two-headed ogre
 13346 | D:11     | Killed a two-headed ogre
 13347 | D:11     | Reached skill level 10 in Stealth
 13352 | D:11     | Reached skill level 8 in Conjurations
 13352 | D:11     | Reached skill level 10 in Earth Magic
 13535 | D:11     | Noticed a death yak
 13536 | D:11     | Noticed a death yak
 13537 | D:11     | Noticed a death yak
 13551 | D:10     | HP: 10/54 [death yak (18)]
 13630 | D:10     | HP: 11/54 [death yak (14)]
 13631 | D:10     | Killed a death yak
 13938 | D:11     | You pick up a book of Ice and begin reading...
 13938 | D:11     | You add the spells Freezing Cloud, Simulacrum and Polar
                  | Vortex to your library.
 14033 | D:11     | Killed a death yak
 14036 | D:11     | HP: 4/54 [death yak (26)]
 14047 | D:11     | Noticed a two-headed ogre
 14202 | D:11     | Found a staircase to the Lair.
 14217 | D:11     | Reached skill level 8 in Spellcasting
 14643 | D:11     | Killed a death yak
 14644 | D:11     | Reached XP level 12. HP: 37/59 MP: 7/24
 14792 | D:11     | Reached *** piety under Dithmenos
 14793 | D:11     | Reached skill level 9 in Conjurations
 14917 | D:11     | Killed a two-headed ogre
 15192 | Lair:1   | Entered Level 1 of the Lair of Beasts
 15215 | Lair:1   | Reached skill level 4 in Armour
 15315 | Lair:1   | Reached skill level 11 in Earth Magic
 15559 | Lair:1   | Reached skill level 11 in Stealth
 16412 | Lair:2   | HP: 8/59 [blink frog (12)]
 16806 | Lair:2   | HP: 14/59 [blink frog (16)]
 16811 | Lair:1   | HP: 5/59 [blink frog (10)]
 16818 | Lair:1   | Slain by a blink frog

Vanquished Creatures
  3 two-headed ogres
  3 death yaks
  A manticore (D:8)
  A gargoyle (D:11)
  A rime drake (Lair:1)
  A tengu conjurer (D:10)
  2 komodo dragons (Lair:1)
  A hornet (D:9)
  3 blink frogs
  A shadow (D:11)
  2 wraiths
  22 yaks
  2 basilisks
  A steam dragon (D:9)
  3 water moccasins
  3 orc warriors
  A sky beast (D:7)
  2 ice beasts
  A necrophage (D:4)
  An ogre (D:6)
  5 wolves (Lair:1)
  5 centaurs
  2 phantoms
  3 kobold brigands
  3 bullfrogs
  A wyvern zombie (D:8)
  A gnoll sergeant (D:10)
  A water moccasin zombie (D:5)
  2 scorpions
  10 killer bees
  4 howler monkeys
  2 bullfrog zombies
  5 jellies
  4 centaur zombies
  2 gnoll shamans
  11 orc priests
  A centaur skeleton (D:7)
  4 hounds
  2 bullfrog skeletons (D:6)
  An iguana (D:4)
  7 orc wizards
  A hound skeleton (D:4)
  A howler monkey zombie (D:10)
  10 gnolls
  2 adders (D:4)
  An adder skeleton (D:3)
  4 worms
  2 dart slugs
  27 orcs
  6 ball pythons
  8 endoplasms
  2 giant cockroaches (D:3)
  5 goblins
  7 hobgoblins
  4 jackals (D:1)
  2 quokkas
  8 bats
  8 frilled lizards
  15 kobolds
  6 rats
250 creatures vanquished.

Vanquished Creatures (others)
  6 fungi
  5 plants
11 creatures vanquished.

Grand Total: 261 creatures vanquished

Table legend:
 A = Non-vault XP
 B = Vault XP
 C = Vault XP percentage of total XP
 D = Non-vault monster count
 E = Vault monster count
 F = Vault count percentage of total count
                 A         B        C        D         E       F
            +---------+---------+-------+---------+---------+-------
      Total |   17973 |    3698 |  17.1 |     234 |      16 |   6.4
            +---------+---------+-------+---------+---------+-------
        D:1 |      50 |       0 |   0.0 |      29 |       0 |   0.0
        D:2 |      22 |       0 |   0.0 |      10 |       0 |   0.0
        D:3 |     161 |      17 |   9.6 |      24 |       7 |  22.6
        D:4 |     491 |       0 |   0.0 |      17 |       0 |   0.0
        D:5 |     505 |       0 |   0.0 |      14 |       0 |   0.0
        D:6 |     806 |       0 |   0.0 |      21 |       0 |   0.0
        D:7 |    1241 |       0 |   0.0 |      27 |       0 |   0.0
        D:8 |    1528 |       0 |   0.0 |      18 |       0 |   0.0
        D:9 |    3648 |       0 |   0.0 |      29 |       0 |   0.0
       D:10 |    1743 |     829 |  32.2 |      15 |       1 |   6.2
       D:11 |    2941 |    2852 |  49.2 |       6 |       8 |  57.1
     Lair:1 |    4573 |       0 |   0.0 |      23 |       0 |   0.0
     Lair:2 |     264 |       0 |   0.0 |       1 |       0 |   0.0
            +---------+---------+-------+---------+---------+-------

Illustrated notes

Table legend:
 A = Kills in this place as a percentage of kills in entire the game.
 B = Kills by you in this place as a percentage of kills by you in the entire game.
 C = Kills by friends in this place as a percentage of kills by friends in the entire game.
 D = Other kills in this place as a percentage of other kills in the entire game.
 E = Experience gained in this place as a percentage of experience gained in the entire game.
 F = Experience gained in this place divided by the number of levels of this place that you have seen.
                   A       B       C       D       E      F
               +-------+-------+-------+-------+-------+----------------------
         Total | 100.0 | 100.0 |   N/A |   N/A | 100.0 | 1547.9
       Dungeon |  90.4 |  90.4 |   N/A |   N/A |  77.7 | 1530.4
          Lair |   9.6 |   9.6 |   N/A |   N/A |  22.3 | 2418.5
               +-------+-------+-------+-------+-------+----------------------

Table legend: (Time is in decaauts)
 A = Elapsed time spent in this place.
 B = Non-inter-level travel time spent in this place.
 C = Inter-level travel time spent in this place.
 D = Time resting spent in this place.
 E = Time spent auto-exploring this place.
 F = Levels seen in this place.
 G = Mean time per level.
                   A        B        C        D        E       F      G
               +--------+--------+--------+--------+--------+-----+--------+
         Total |  16857 |  15828 |   1029 |    502 |  12889 |  14 | 1204.1 |
       Dungeon |  14763 |  13834 |    929 |    502 |  11160 |  11 | 1342.1 |
        Temple |    466 |    432 |     34 |      0 |    430 |   1 |  466.0 |
          Lair |   1627 |   1561 |     66 |      0 |   1299 |   2 |  813.5 |
               +--------+--------+--------+--------+--------+-----+--------+

Top non-repeatable levels by time:
     D:8: 2212 daAuts
    D:10: 1852 daAuts
  Lair:1: 1459 daAuts
    D:11: 1379 daAuts
     D:6: 1295 daAuts
     D:7: 1278 daAuts
     D:1: 1241 daAuts
     D:4: 1199 daAuts
     D:2: 1118 daAuts
     D:5: 1074 daAuts
     D:3: 1063 daAuts
     D:9: 1045 daAuts
  Temple: 466 daAuts
  Lair:2: 167 daAuts
